 Seeded DCSS version 0.30.1-4-g462c640d31 (webtiles) character file.

Game seed: 6351066067085065685 (custom seed)

1389 Esekla the Grave Robber (level 8, -1/41 HPs)
             Began as a Deep Elf Necromancer on Aug 25, 2023.
             Was a Believer of Vehumet.
             Constricted to death by Pikel (6 damage)
             ... on level 6 of the Dungeon.
             The game lasted 00:40:15 (5800 turns).

Esekla the Grave Robber (Deep Elf Necromancer)      Turns: 5800, Time: 00:40:15

Health: -1/41      AC:  5    Str:  5    XL:     8   Next: 40%
Magic:  17/20      EV: 11    Int: 23    God:    Vehumet [**....]
Gold:   363        SH:  0    Dex: 15    Spells: 11/21 levels left

rFire   . . .        a - +2 dagger (vamp)
rCold   . . .        (no shield)
rNeg    . . .        l - +0 robe
rPois   .            i - +0 helmet
rElec   .            E - +0 cloak
rCorr   .            k - +0 pair of gloves
SInv    .            (no boots)
Will    .....        A - amulet of magic regeneration
Stlth   +            (no ring)
HPRegen 0.26/turn    (no ring)
MPRegen 0.57/turn

%: no passive effects
@: confused, ambrosia-drunk, grasped by roots, constricted
A: no striking features
a: Renounce Religion


You were on level 6 of the Dungeon.
You worshipped Vehumet.
Vehumet was pleased with you.
You visited 1 branch of the dungeon, and saw 8 of its levels.

You collected 363 gold pieces.

Inventory:

Hand Weapons
 a - a +2 vampiric dagger (weapon)
 r - a +0 trident
 s - the +5 rapier of the Hero {heavy, rN+ Dex+3}
   (You found it on level 3 of the Dungeon)

   Dex:       It affects your dexterity (+3).
   rN:        It protects you from negative energy.
Armour
 i - a +0 helmet (worn)
 k - a +0 pair of gloves (worn)
 l - a +0 robe (worn)
 E - a +0 cloak (worn)
Jewellery
 A - an amulet of magic regeneration (around neck)
Wands
 u - a wand of roots (11)
 D - a wand of flame (14)
Scrolls
 c - 2 scrolls of amnesia {unknown}
 f - a scroll of teleportation {unknown}
 m - a scroll of enchant armour {unknown}
 n - a scroll of immolation {unknown}
 o - 2 scrolls of blinking {unknown}
 t - 2 scrolls of fog {unknown}
 w - 3 scrolls of enchant weapon {unknown}
 x - a scroll of summoning {unknown}
 y - a scroll of silence {unknown}
 z - a scroll of magic mapping {unknown}
 C - 2 scrolls of fear
 F - a scroll of poison {unknown}
Potions
 b - a potion of magic
 d - a potion of ambrosia
 e - 5 potions of attraction
 g - 2 potions of haste
 h - a potion of mutation
 j - 5 potions of curing
 p - 2 potions of heal wounds
 q - 3 potions of brilliance
 B - a potion of lignification


   Skills:
 + Level 2.5 Short Blades
 + Level 0.8 Throwing
 * Level 5.2 Dodging
 + Level 5.1 Stealth
 * Level 7.3 Spellcasting
 + Level 0.7 Conjurations
 * Level 7.8 Necromancy
 * Level 3.6 Translocations
 + Level 1.1 Air Magic
 + Level 1.0 Evocations


You had 11 spell levels left.
You knew the following spells:

 Your Spells              Type           Power      Damage    Failure   Level
a - Necrotise             Necr           100%       1d9       1%          1
b - Shock                 Conj/Air       48%        1d6       4%          1
c - Static Discharge      Conj/Air       24%        2-3/arc   8%          2
d - Vampiric Draining     Necr           44%        2d9       1%          3
t - Teleport Other        Tloc           24%        N/A       4%          3

Your spell library contained the following spells:

 Spells                   Type           Power      Damage    Failure   Level
 Lesser Beckoning         Tloc           48%        N/A       2%          2
 Animate Dead             Necr           44%        N/A       3%          4
 Gell's Gravitas          Tloc           24%        N/A       4%          3
 Agony                    Necr           44%        N/A       9%          5
 Spider Form              Tmut/Pois      8%         N/A       22%         3
 Cause Fear               Hex            4%         N/A       58%         4
 Summon Mana Viper        Hex/Summ       8%         N/A       91%         5


Dungeon Overview and Level Annotations

Branches:
Dungeon (8/15)
 Temple: D:4-7         Lair: D:8-11

Altars:
Dithmenos
Hepliaklqana
Okawaru
Qazlal
Trog
Vehumet
Zin
The Shining One

Shops:
D:2 =   D:4 (

Annotations:
D:6 Pikel


Message History

Press: ? - help, Shift-Dir - straight line, f/p - Pikel
Aim: Pikel, wielding a +1 whip of flaming, wearing a +0 robe and carrying a wand of roots (6) (heavily wounded)
You draw life force from Pikel!
You feel life coursing into your body.
Pikel hits you with a +1 whip of flaming.
Pikel burns you.
Casting: Vampiric Draining (safe; 1% risk of failure)
Confirm with . or Enter, or press ? or * to list all spells.
Aiming: Vampiric Draining (safe; 1% risk of failure)
Press: ? - help, Shift-Dir - straight line, f/p - Pikel
Aim: Pikel, wielding a +1 whip of flaming, wearing a +0 robe and carrying a wand of roots (6) (severely wounded)
You draw life force from Pikel!
You feel life coursing into your body.
Pikel zaps a wand.
The roots erupt in riotous growth!
The grasping roots grab you!
Pikel is unaffected.
The grasping roots constrict you.
You hear a shout! x2
You hit Pikel but do no damage.
Pikel is almost dead.
Pikel hits you with a +1 whip of flaming.
Pikel burns you. The grasping roots constrict you.
* * * LOW HITPOINT WARNING * * *
You are confused.
You feel invigorated. Pikel hits you but does no damage.
The grasping roots constrict you.
A lemure comes into view.
The grasping roots release their grip on you.
You bump into the rock wall.
Pikel zaps a wand.
The roots erupt in riotous growth!
The grasping roots grab you!
Pikel is unaffected.
The grasping roots constrict you.
You bump into the rock wall.
Pikel hits you with a +1 whip of flaming.
Pikel burns you.
* * * LOW HITPOINT WARNING * * *
The grasping roots constrict you!
* * * LOW HITPOINT WARNING * * *
A lemure comes into view.
You barely miss Pikel.
Pikel is almost dead.
Pikel hits you but does no damage. The grasping roots constrict you.
You die...

#.......#.##....
#.......#.......
#.......###.....
####.#### #..##.
#.######..#..
##.#######...........#
#.#........####.#.....
#..##.5.......#......
#5K@.#......###....#
#(5#####...##.#.###.#
#.#.#####..####.## #.#
.. ........# #......#
. #.#####.# ########
##K## # #...##########
#...##.>....#.
#...Y5...##.#.


You could see Pikel and 3 lemures.

Vanquished Creatures
  A black bear (D:2)
  An ogre (D:5)
  A centaur (D:7)
  A phantom (D:7)
  Blork the orc (D:6)
  A bullfrog (D:7)
  2 scorpions (D:5)
  A gnoll bouda (D:4)
  5 hounds
  A jelly (D:6)
  Crazy Yiuf (D:7)
  A sleepcap (D:5)
  5 iguanas
  An orc wizard (D:6)
  14 gnolls
  9 adders
  3 white imps
  An ufetubus (D:7)
  A worm (D:4)
  3 dart slugs
  13 orcs
  3 endoplasms
  8 goblins
  5 hobgoblins
  A quokka (D:1)
  6 ball pythons
  4 bats
  4 frilled lizards
  5 kobolds
  A rat (D:2)
104 creatures vanquished.

Vanquished Creatures (others)
  A sky beast (D:6)
1 creature vanquished.

Grand Total: 105 creatures vanquished

Notes
Turn   | Place    | Note
-------+----------+-------------------------------------------
     0 | D:1      | Esekla the Deep Elf Necromancer began the quest for the
                  | Orb.
     0 | D:1      | Reached XP level 1. HP: 10/10 MP: 6/6
   242 | D:2      | Noticed a black bear
   330 | D:2      | Found Renulab's Jewellery Shop.
   491 | D:4      | Found a glowing silver altar of Zin.
   504 | D:4      | Found an iron altar of Okawaru.
   516 | D:4      | Found a radiant altar of Vehumet.
   637 | D:4      | Became a worshipper of Vehumet
   772 | D:3      | Reached skill level 5 in Necromancy
   922 | D:3      | Reached XP level 2. HP: 15/15 MP: 8/8
  1087 | D:3      | Identified the +5 rapier of the Hero {heavy, rN+ Dex+3}
  1564 | D:2      | Reached XP level 3. HP: 15/19 MP: 9/9
  1577 | D:2      | Learned a level 3 spell: Vampiric Draining
  1709 | D:3      | Found a stormy altar of Qazlal.
  1711 | D:3      | Found a bloodstained altar of Trog.
  1765 | D:3      | Found a hazy altar of Hepliaklqana.
  1779 | D:3      | Reached skill level 1 in Short Blades
  1779 | D:3      | Reached XP level 4. HP: 24/24 MP: 0/11
  2028 | D:1      | Reached * piety under Vehumet
  2028 | D:1      | Offered knowledge of Shock by Vehumet.
  2031 | D:1      | Learned a level 1 spell: Shock
  2207 | D:1      | Learned a level 3 spell: Teleport Other
  2430 | D:2      | Found a faded altar of an unknown god.
  2511 | D:2      | Killed a black bear
  2512 | D:2      | Reached skill level 1 in Translocations
  2512 | D:2      | Reached XP level 5. HP: 26/28 MP: 5/13
  2709 | D:4      | Found Ponaysk's Antique Weapon Boutique.
  2856 | D:4      | Found a glowing golden altar of the Shining One.
  3024 | D:4      | Reached XP level 6. HP: 32/32 MP: 14/14
  3770 | D:5      | Entered Level 5 of the Dungeon
  3778 | D:5      | Got the Parchment of the Lumpy Olives
  3796 | D:5      | Found a shadowy altar of Dithmenos.
  3843 | D:5      | Reached skill level 5 in Spellcasting
  4012 | D:5      | Reached XP level 7. HP: 34/36 MP: 14/17
  4254 | D:5      | Offered knowledge of Static Discharge by Vehumet.
  4260 | D:5      | Learned a level 2 spell: Static Discharge
  4517 | D:5      | Reached ** piety under Vehumet
  4749 | D:5      | Reached skill level 1 in Evocations
  5063 | D:6      | Noticed Pikel
  5068 | D:6      | Noticed Blork the orc
  5180 | D:7      | Reached XP level 8. HP: 41/41 MP: 19/19
  5222 | D:8      | Noticed a two-headed ogre
  5243 | D:7      | Reached skill level 5 in Dodging
  5314 | D:7      | Reached skill level 5 in Stealth
  5536 | D:7      | Found a runed translucent door.
  5537 | D:7      | Noticed Crazy Yiuf
  5545 | D:7      | Killed Crazy Yiuf
  5546 | D:7      | Reached skill level 1 in Air Magic
  5790 | D:6      | Killed Blork the orc
  5799 | D:6      | HP: 2/41 [constriction (10)]
  5800 | D:6      | Constricted to death by Pikel

Illustrated notes

Levels and vault maps discovered:
D:1:      sevenhm_arrival_forest_fort_small_3, layout_rooms,
          chequers_serial_rivers_room_b, minmay_misc_feat_five
D:2:      layout_loops_ring, dreamdust_ecumenical_altar_angels_and_demons,
          serial_shops, shop
D:3:      layout_basic, grunt_temple_overflow_open, minmay_misc_feat_iff
D:4:      layout_basic, nicolae_overflow_quartered_altars, serial_shops,
          nicolae_diamond_shop
D:5:      layout_loops_ring, lemuel_doored_altar, minmay_misc_feat_rows,
          dreamdust_wishing_well
D:6:      layout_loops_cross, fedhas_altar_fruit_tree,
          minmay_temple_entry_glass, uniq_pikel, uniq_blork_the_orc
D:7:      layout_basic, uniq_menkaure, uniq_joseph, uniq_crazy_yiuf_cottage
D:8:      layout_basic, nicolae_uskayaw_dance_hall, serial_demonic,
          serial_demonic_d, serial_demonic_a, serial_demonic_c,
          serial_demonic_c, nicolae_diode_quadrants

Skill      XL: |  1  2  3  4  5  6  7  8 |
---------------+-------------------------+-----
Necromancy     | 5 6 7 |  7.8
Dodging        | 3 4 5 |  5.2
Stealth        | 3 4 5 |  5.1
Short Blades   | 1 2 |  2.5
Spellcasting   | 4 5 6 7 |  7.3
Translocations | 1 2 3 |  3.6
Evocations     | 1 |  1.0
Air Magic      | 1 |  1.1
Throwing       | |  0.8
Conjurations   | |  0.7

Action                     |  1- 3 |  4- 6 |  7- 9 || total
---------------------------+-------+-------+-------++-------
  Melee: Short sword       |    84 |    49 |       ||   133
         Unarmed           |     9 |       |       ||     9
         Punch             |     2 |     1 |     2 ||     5
         Dagger            |       |   105 |   120 ||   225
         Rapier            |       |       |    12 ||    12
  Throw: Dart              |       |    16 |    16 ||    32
   Cast: Vampiric Draining |     2 |    24 |    29 ||    55
         Shock             |       |     4 |     5 ||     9
         Teleport Other    |       |       |     1 ||     1
         Static Discharge  |       |       |     1 ||     1
  Evoke: Wand              |       |       |     3 ||     3
    Use: Scroll            |     1 |       |     7 ||     8
         Potion            |       |       |     1 ||     1
   Stab: Sleeping          |     4 |     5 |     8 ||    17
 Armour: Robe              |    25 |    19 |    29 ||    73
  Dodge: Dodged            |    69 |    83 |   104 ||   256
